 Dungeon Crawl Stone Soup version 0.28.0-47-ge53b351184 (webtiles) character file.

Game seed: 12286066249936498948

58 GigaChad the Covered (level 4, -13/37 HPs)
             Began as a Barachi Fighter on Apr 28, 2022.
             Killed themself with a badly aimed iceblast (15 damage)
             ... on level 2 of the Dungeon.
             The game lasted 00:03:46 (1460 turns).

GigaChad the Covered (Barachi Fighter)              Turns: 1460, Time: 00:03:47

Health: -13/37     AC:  7    Str: 17    XL:     4   Next: 1%
Magic:  4/4        EV:  9    Int:  8    God:
Gold:   14         SH:  5    Dex: 14    Spells: 1/3 levels left

rFire   . . .      SeeInvis .   a - +0 long sword
rCold   . . .      Faith    .   c - +0 buckler
rNeg    . . .      Spirit   .   b - +0 scale mail
rPois   .          Reflect  .   (no helmet)
rElec   .          Harm     .   (no cloak)
rCorr   .          Rampage  .   (no gloves)
Will    .....                   (no boots)
Stlth   ..........              (no amulet)
HPRegen 0.12/turn               (no ring)
MPRegen 0.09/turn               (no ring)

@: slow
A: amphibious, slowness 1, strong legs 1, +LOS
a: Hop


You were on level 2 of the Dungeon.
You visited 1 branch of the dungeon, and saw 2 of its levels.

You collected 14 gold pieces.

Inventory:

Hand Weapons
 a - a +0 long sword (weapon)
Armour
 b - a +0 scale mail (worn)
 c - a +0 buckler (worn)
Wands
 i - a wand of iceblast (5)
 j - a wand of mindburst (8)
Scrolls
 f - 2 scrolls of identify {unknown}
 g - a scroll of magic mapping {unknown}
Potions
 d - a potion of might
 e - a potion of cancellation {unknown}
 h - a potion of curing {unknown}
 k - a potion of heal wounds {unknown}


   Skills:
 + Level 4.0 Fighting
 + Level 3.5 Long Blades
 + Level 4.2 Armour
 + Level 0.2 Dodging
 + Level 3.8 Shields


You had one spell level left.
You knew the following spells:

 Your Spells              Type           Power      Damage    Failure   Level
a - Wereblood             Tmut           0%         N/A       95%         2

Your spell library contained the following spells:

 Spells                   Type           Power      Damage    Failure   Level
 Shock                    Conj/Air       0%         1d3       88%         1
 Sting                    Tmut/Pois      0%         1d3       88%         1
 Poisonous Vapours        Pois/Air       0%         N/A       95%         2
 Sublimation of Blood     Necr           0%         N/A       95%         2
 Swiftness                Air            0%         N/A       99%         3
 Airstrike                Air            0%         N/A       100%        4
 Olgreb's Toxic Radiance  Pois           0%         N/A       100%        4
 Petrify                  Tmut/Erth      0%         N/A       100%        4
 Irradiate                Conj/Tmut      0%         3d13      100%        5
 Summon Hydra             Summ           0%         N/A       100%        7


Dungeon Overview and Level Annotations

Branches:
Dungeon (2/15)

Altars:
Elyvilon

Annotations:
D:2 Robin


Innate Abilities, Weirdness & Mutations

You are amphibious.
You cover ground slowly.
You can hop short distances.
You have an extended range of vision and can be seen from far away.


Message History

The goblin wields a +0 club.
The goblin hits you but does no damage.
Things that are here:
a +0 dagger; a goblin corpse You hit the goblin.
The goblin is severely wounded.
The goblin hits you but does no damage.
Robin hits you with a +5 short sword of speed.
The goblin hits you but does no damage.
You closely miss the goblin.
The goblin is severely wounded.
You block Robin's attack. The goblin hits you with a +0 dagger.
You block the goblin's attack.
Robin hits you with a +5 short sword of speed.
You barely miss the goblin.
The goblin is severely wounded.
The goblin hits you but does no damage. Robin hits you but does no damage.
The goblin barely misses you.
Robin roars a battlecry!
The goblin goes into a battle-frenzy!
You block the goblin's attack.
You hit the goblin.
You kill the goblin!
The bat hits you but does no damage. Robin hits you but does no damage.
The goblin hits you with a +0 dagger.
* * * LOW HITPOINT WARNING * * *
You have reached level 4!
You feel agile. The bat barely misses you.
Robin says, "Bow before me, strongest of all the hobgoblins!"
The bat closely misses you. The goblin hits you but does no damage.
Robin hits you with a +5 short sword of speed!
* * * LOW HITPOINT WARNING * * *
Things that are here:
a +0 club; a +0 hunting sling; 19 stones
Aiming: Iceblast
Press: ? - help, Shift-Dir - straight line The mass of ice explodes!
The iceblast engulfs Robin.
Robin is severely wounded.
The iceblast engulfs you!
You die...

#.....###....>#.#......##
#.####.#.###......##.#.##
###.# ##.##
#......##.#..# ....# #.#
#.......#.##.#######
##### #.#
#...................
#.####............#######
####........##....##
####.b..........#
##@g.......#.##
#g##.........#
#g##.............
#.##.........###.#
#.###.....#.## #.#
#....##.# #<# #.#.....#
#.# #.#..#### #.#
#....#######.


You could see Robin, a hobgoblin (strong), a goblin (strong) and a bat.

Vanquished Creatures
  An adder (D:2)
  A worm (D:2)
  A dart slug (D:1)
  4 endoplasms
  A giant cockroach (D:1)
  6 goblins (D:2)
  7 hobgoblins (D:1)
  3 jackals (D:1)
  3 kobolds
  A quokka (D:1)
  3 ball pythons
  3 bats (D:1)
  4 frilled lizards
  2 rats (D:1)
40 creatures vanquished.

Notes
Turn   | Place    | Note
-------+----------+-------------------------------------------
     0 | D:1      | GigaChad the Barachi Fighter began the quest for the Orb.
     0 | D:1      | Reached XP level 1. HP: 18/18 MP: 1/1
   144 | D:1      | Reached XP level 2. HP: 13/25 MP: 2/2
   491 | D:1      | Reached XP level 3. HP: 29/30 MP: 3/3
  1024 | D:2      | Found a white marble altar of Elyvilon.
  1308 | D:2      | Learned a level 2 spell: Wereblood
  1441 | D:2      | Noticed Robin
  1459 | D:2      | Reached XP level 4. HP: 11/37 MP: 4/4
  1460 | D:2      | Killed themself with a badly aimed iceblast

Illustrated notes

Levels and vault maps discovered:
D:1:      dpeg_arrival_boxes_within_box, layout_rooms, st_stairs_3
D:2:      layout_loops_ring, basic_altar, minmay_misc_feat_pillars, minmay_puff,
          uniq_robin, uniq_crazy_yiuf_cottage

Skill      XL: |  1  2  3 |
---------------+----------+-----
Armour         | 4 |  4.2
Long Blades    | 3 |  3.5
Fighting       | 4 |  4.0
Dodging        | |  0.2
Shields        | |  3.8

Action                   |  1- 3 |  4- 6 || total
-------------------------+-------+-------++-------
Melee: Long sword        |   104 |       ||   104
Armor: Scale mail        |    74 |     1 ||    75
Dodge: Dodged            |    76 |     2 ||    78
Block: Buckler           |    51 |       ||    51
